 Dungeon Crawl Stone Soup version 0.20.1-1-g8b1a95d (webtiles) character file.

19094 vatarom the Dealer of Despair (level 12, -10/99 HPs)
             Began as a Demonspawn Necromancer on Oct 10, 2017.
             Was an Elder of Kikubaaqudgha.
             Mangled by a swamp worm (17 damage)
             ... on level 2 of the Lair of Beasts.
             The game lasted 00:47:45 (14933 turns).

vatarom the Dealer of Despair (DsNe)               Turns: 14933, Time: 00:47:47

Health: -10/99     AC: 19    Str: 15    XL:     12   Next: 33%
Magic:  0/25       EV: 18    Int: 18    God:    Kikubaaqudgha [****..]
Gold:   701        SH:  0    Dex: 13    Spells: 1/29 levels left

rFire    . . .     SeeInvis .   O - +2 halberd (protect)
rCold    . . .     Gourm    .   (shield currently unavailable)
rNeg     . . .     Faith    .   E - +4 ring mail
rPois    +         Spirit   +   (no helmet)
rElec    .         Reflect  .   r - +0 cloak
rCorr    .         Harm     .   (no gloves)
MR       .....                  (boots unavailable)
Stlth    +.........             K - amulet of guardian spirit
Regen    0.3/turn               f - +3 ring of evasion
MPRegen  0.2/turn               g - +2 ring of strength

@: protection aura, very slightly contaminated, repel missiles
A: hooves 3, repulsion field 3, blurry vision 1, demonic guardian 2, poison
resistance
a: Receive Corpses, Renounce Religion


You were on level 2 of the Lair of Beasts.
You worshipped Kikubaaqudgha.
Kikubaaqudgha was greatly pleased with you.
You were not hungry.

You visited 3 branches of the dungeon, and saw 15 of its levels.
You also visited: Ossuary and Bailey.

You collected 811 gold pieces.
You spent 110 gold pieces at shops.

Inventory:

Hand Weapons
 C - a +0 flail
 O - a +2 halberd of protection (weapon)
Armour
 r - a +0 cloak (worn)
 E - a +4 ring mail (worn)
Jewellery
 f - a +3 ring of evasion (left hand)
 g - a +2 ring of strength (right hand)
 K - an amulet of guardian spirit (around neck)
Wands
 d - a wand of flame (8/48)
 h - a wand of acid (0/15)
 l - a wand of confusion (19/48)
 q - a wand of flame (26/48)
 y - a wand of digging (10/24)
 A - a wand of lightning (0/15)
 F - a wand of confusion (17/48)
 H - a wand of random effects (3/48)
 I - a wand of flame (39/48)
 N - a wand of paralysis (5/24)
Scrolls
 a - 4 scrolls of identify
 c - a scroll of enchant armour
 e - 3 scrolls of enchant weapon
 m - 2 scrolls of recharging
 o - 10 scrolls of remove curse
 p - a scroll of blinking
 s - 3 scrolls of teleportation
 t - 3 scrolls of fog
 Q - a scroll of magic mapping
Potions
 i - a potion of invisibility
 j - a potion of might
 n - 2 potions of agility
 u - 4 potions of cancellation
 v - a potion of resistance
 w - 2 potions of magic
 x - a potion of berserk rage
 z - 2 potions of lignification
 D - 3 potions of brilliance
 M - a potion of haste
Books
 b - a book of Necromancy

   Spells                             Type                      Level
   a - Pain                           Necromancy                   1
   b - Animate Skeleton               Necromancy                   1
   c - Vampiric Draining              Necromancy                   3
   d - Regeneration                   Charms/Necromancy            3
   e - Animate Dead                   Necromancy                   4
   f - Control Undead                 Necromancy                   4
 L - Kikubaaqudgha's Guide on Evil
   (Kikubaaqudgha gifted it to you on level 11 of the Dungeon)

   Spells                             Type                      Level
   a - Animate Dead                   Necromancy                   4
   b - Excruciating Wounds            Charms/Necromancy            5
   c - Bolt of Draining               Conjuration/Necromancy       5
   d - Agony                          Necromancy                   5
   e - Dispel Undead                  Necromancy                   5
Comestibles
 B - 10 bread rations
 G - 2 royal jellies
 J - 6 fruits


   Skills:
 - Level 10.8 Fighting
 * Level 4.9 Polearms
 - Level 8.1 Armour
 - Level 2.0 Dodging
 - Level 1.7 Stealth
 + Level 9.4 Spellcasting
 * Level 3.7 Conjurations
 * Level 10.9 Necromancy


You had one spell level left.
You knew the following spells:

 Your Spells              Type           Power        Failure   Level  Hunger
a - Pain                  Necr           ####         1%          1    None
b - Animate Skeleton      Necr           N/A          1%          1    None
c - Vampiric Draining     Necr           #####.....   1%          3    None
d - Regeneration          Chrm/Necr      ####......   4%          3    None
e - Control Undead        Necr           #####.....   1%          4    ###....
f - Animate Dead          Necr           N/A          1%          4    ###....
g - Sublimation of Blood  Necr           #####.....   1%          2    None
h - Agony                 Necr           #####...     4%          5    #####..
i - Bolt of Draining      Conj/Necr      ####......   21%         5    #####..


Dungeon Overview and Level Annotations

Branches:
Dungeon (12/15)            Temple (1/1) D:5            Lair (2/6) D:8
    Orc (0/2) D:10
  Swamp: Lair:2-4    Shoals: Lair:2-4     Snake: Lair:2-4    Spider: Lair:2-4

Altars:
Ashenzari
Cheibriados
Dithmenos
Elyvilon
Fedhas
Gozag
Hepliaklqana
Kikubaaqudgha
Makhleb
Nemelex Xobeh
Okawaru
Qazlal
Ru
Sif Muna
Trog
Uskayaw
Vehumet
Xom
Yredelemnul
Zin

Shops:
D:4 (   D:5 %   D:7 %

Annotations:
D:3 Grinder


Innate Abilities, Weirdness & Mutations

You have hooves in place of feet.
You are surrounded by a strong repulsion field. (EV +4, RMsl)
A demonic guardian rushes to your aid.
Scrolls take you a little longer to read.
Your system is resistant to poisons. (rPois)


Message History

The swamp worm misses you. The swamp worm closely misses you.
Attack whom?
Press: ? - help, Dir - move target cursor, f/p - swamp worm
Aim: a swamp worm (heavily wounded)
You miss the swamp worm.
You kick the swamp worm, but do no damage.
The swamp worm is heavily wounded.
Your skin stops crawling.
The swamp worm bites you.
* * * LOW HITPOINT WARNING * * *
Attack whom?
Press: ? - help, Dir - move target cursor, f/p - swamp worm
Aim: a swamp worm (heavily wounded)
You puncture the swamp worm!
The swamp worm is almost dead.
The swamp worm bites you!
* * * LOW HITPOINT WARNING * * *
The swamp worm bites you!!
You die...
Kikubaaqudgha rasps: "You have failed me!
Welcome... death!"

### ## ########.#### ######
########
P###..##.#.###.####.##.###.##.PP.
................@w.......>.......
................######...........
####............# #............ #
#......##..#..# ##...######## #
##...###.>.#.## #...##
####..#........## ##..# #
......#....⌠....## #.P# #
##.P#....#.###...## ##..# #
....#...##.}......###...# #


You could see a swamp worm.

Vanquished Creatures
  An unseen horror (D:10)
  Pikel (D:4)
  A deep elf mage (Bailey)
  2 manticores
  A centaur skeleton (D:12)
  A rime drake (Lair:2)
  2 komodo dragons
  A troll (D:10)
  A hippogriff (Lair:2)
  A wraith (D:12)
  A basilisk (Lair:1)
  8 yaks
  2 vampire mosquitoes (D:12)
  2 swamp worms (Lair:2)
  Edmund (D:5)
  A water moccasin (Lair:2)
  2 porcupines
  A hornet zombie (D:8)
  2 ice beasts
  A necrophage (D:9)
  An eye of draining (D:9)
  2 sky beasts
  An ogre (D:5)
  3 phantoms
  3 centaurs
  7 crocodiles
  Blork the orc (D:5)
  5 bullfrogs
  A water moccasin zombie (Ossuary)
  A scorpion (D:7)
  A killer bee (D:10)
  2 wights (D:10)
  7 howler monkeys
  An electric eel (Lair:2)
  A bullfrog zombie (D:6)
  2 crimson imps (D:10)
  2 jellies
  4 orc priests
  8 hounds
  A bullfrog skeleton (D:6)
  4 iguanas
  An orc wizard (D:11)
  7 worker ants
  A big kobold zombie (Ossuary)
  A mummy (Ossuary)
  3 worker ant zombies
  8 gnolls
  8 adders
  A shadow imp (D:6)
  2 oozes (D:2)
  2 adder zombies (Ossuary)
  An adder skeleton (D:4)
  7 worms (Lair:2)
  A dart slug (D:1)
  5 leopard geckos
  14 orcs
  4 ball pythons
  9 giant cockroaches
  2 gnoll zombies (Ossuary)
  3 goblins
  4 hobgoblins (D:1)
  6 jackals
  4 quokkas
  7 bats
  5 frilled lizards
  6 hobgoblin zombies (Ossuary)
  3 kobolds
  7 kobold zombies (Ossuary)
  A leopard gecko skeleton (D:5)
  11 orc zombies (Ossuary)
  2 quokka skeletons (D:6)
  6 rats
  A plant (Lair:2)
234 creatures vanquished.

Vanquished Creatures (collateral kills)
  A hydra (D:10)
  3 two-headed ogres
  A death knight (D:12)
  A deep elf knight (Bailey)
  4 skeletal warriors (D:11)
  6 deep elf magi (Bailey)
  Joseph (D:7)
  3 black mambas (Lair:1)
  4 spiny frogs
  2 freezing wraiths (D:12)
  A komodo dragon (Lair:2)
  Prince Ribbit (D:5)
  2 hippogriffs (D:10)
  7 yaks
  A spriggan (D:9)
  A wraith (D:12)
  Menkaure (D:5)
  A vampire mosquito (D:12)
  2 water moccasins
  4 porcupines
  Duvessa (D:7)
  An ice beast (D:12)
  A sky beast (D:9)
  An orc warrior (D:6)
  3 phantoms
  A black bear (D:5)
  4 centaurs
  2 big kobolds
  3 crocodiles
  3 bullfrogs
  Dowan (D:7)
  A scorpion (Lair:2)
  A water moccasin zombie (Ossuary)
  A wyvern skeleton (D:10)
  A howler monkey (D:8)
  3 killer bees (D:10)
  3 wights (D:10)
  3 crimson imps
  2 jellies
  A centaur skeleton (D:7)
  A hound (D:10)
  2 orc priests (D:7)
  An orc wizard (D:6)
  A hound skeleton (D:7)
  A mummy (Ossuary)
  2 adders
  A shadow imp (D:9)
  3 worms (Lair:2)
  3 orcs
  2 hobgoblins
  A jackal (D:1)
  A ball python (D:1)
  A frilled lizard (D:2)
  2 gnoll zombies (Ossuary)
  A hobgoblin zombie (Ossuary)
  11 kobolds
  A kobold zombie (Ossuary)
  A rat (D:3)
  A fungus (D:8)
  3 plants (D:8)
124 creatures vanquished.

Vanquished Creatures (others)
  A yak (Lair:2)
  An orc priest (D:4)
  An orc wizard (D:4)
  An orc (D:4)
  7 fungi (D:8)
  6 plants
17 creatures vanquished.

Grand Total: 375 creatures vanquished

Notes
Turn   | Place    | Note
-------+----------+-------------------------------------------
     0 | D:1      | vatarom the Demonspawn Necromancer began the quest for the Orb.
     0 | D:1      | Reached XP level 1. HP: 13/13 MP: 3/3
     2 | D:1      | Learned a level 1 spell: Animate Skeleton
   202 | D:1      | Gained mutation: You are surrounded by a mild repulsion field. (EV +2) [demonic ancestry]
   202 | D:1      | Reached XP level 2. HP: 12/20 MP: 3/5
   353 | D:1      | Reached skill level 1 in Fighting
   994 | D:1      | Gained mutation: A weak demonic guardian rushes to your aid. [demonic ancestry]
   994 | D:1      | Reached XP level 3. HP: 14/26 MP: 1/6
  1019 | D:1      | HP: 1/26 [bat (1)]
  1120 | D:1      | Learned a level 3 spell: Vampiric Draining
  1900 | D:2      | Gained mutation: You have large cloven feet. [demonic ancestry]
  1900 | D:2      | Reached XP level 4. HP: 28/33 MP: 4/8
  1908 | D:2      | Learned a level 3 spell: Regeneration
  1969 | D:2      | Reached skill level 5 in Necromancy
  2506 | D:3      | Noticed Grinder
  2624 | D:4      | Gained mutation: You have hoof-like feet. [demonic ancestry]
  2624 | D:4      | Reached XP level 5. HP: 22/39 MP: 2/10
  2717 | D:4      | Found Qanit's Antique Weapon Shop.
  2807 | D:4      | Noticed a slave
  2807 | D:4      | Noticed a slave
  2807 | D:4      | Noticed a slave
  2808 | D:4      | Noticed Pikel
  2808 | D:4      | Noticed a slave
  2829 | D:4      | Gained mutation: You have a pair of small horns on your head. [potion of mutation]
  2829 | D:4      | Gained mutation: You are weak. (Str -2) [potion of mutation]
  2829 | D:4      | Gained mutation: You possess an exceptional clarity of mind. [potion of mutation]
  2829 | D:4      | Gained mutation: You are agile. (Dex +2) [potion of mutation]
  2834 | D:4      | HP: 2/40 [slave[Pikel] (5)]
  2847 | D:4      | Killed Pikel
  2847 | D:4      | Reached XP level 6. HP: 5/49 MP: 1/13
  2847 | D:4      | Gained mutation: A demonic guardian rushes to your aid. [demonic ancestry]
  2847 | D:4      | Reached XP level 7. HP: 6/55 MP: 1/14
  2866 | D:4      | Found a sand-covered staircase.
  2961 | D:4      | Learned a level 4 spell: Control Undead
  2963 | Ossuary  | Entered an ossuary
  3355 | Ossuary  | Reached skill level 5 in Spellcasting
  3506 | Ossuary  | Reached skill level 5 in Fighting
  4127 | D:5      | Entered Level 5 of the Dungeon
  4171 | D:5      | Noticed Edmund
  4207 | D:5      | Killed Edmund
  4283 | D:5      | Found a radiant altar of Vehumet.
  4283 | D:5      | Noticed Menkaure
  4285 | D:5      | Found a bloodstained altar of Trog.
  4285 | D:5      | Found a sacrificial altar of Ru.
  4296 | D:5      | Killed Menkaure
  4296 | D:5      | Gained mutation: You have hooves in place of feet. [demonic ancestry]
  4296 | D:5      | Reached XP level 8. HP: 45/63 MP: 12/16
  4371 | D:5      | Noticed Blork the orc
  4379 | D:5      | Killed Blork the orc
  4463 | D:5      | Learned a level 4 spell: Animate Dead
  4721 | D:5      | Found an iron altar of Okawaru.
  4797 | D:5      | Found a hazy altar of Hepliaklqana.
  4799 | D:5      | Noticed Prince Ribbit
  4810 | D:5      | Killed Prince Ribbit
  4833 | D:5      | Found a staircase to the Ecumenical Temple.
  4842 | D:5      | Found Ekhol's Food Emporium.
  4849 | Temple   | Entered the Ecumenical Temple
  4902 | Temple   | Became a worshipper of Kikubaaqudgha
  4993 | D:5      | Bought a bread ration for 55 gold pieces
  4993 | D:5      | Bought a bread ration for 55 gold pieces
  5316 | D:6      | Got a pearl-encrusted ring mail
  5429 | D:6      | Identified the cursed +1 ring mail "Fudej" {Dex+4} (You found it on level 6 of the Dungeon)
  5746 | D:6      | Reached skill level 1 in Armour
  5973 | D:7      | Noticed Joseph
  5981 | D:7      | Killed Joseph
  6168 | D:7      | Reached XP level 9. HP: 67/72 MP: 19/19
  6383 | D:7      | Noticed Duvessa
  6385 | D:7      | Noticed Dowan
  6391 | D:7      | Killed Duvessa
  6396 | D:7      | Killed Dowan
  6399 | D:7      | Reached * piety under Kikubaaqudgha
  6399 | D:7      | Identified Kikubaaqudgha's Tome of Evil (Kikubaaqudgha gifted it to you on level 7 of the Dungeon)
  6399 | D:7      | Received a gift from Kikubaaqudgha
  6634 | D:7      | Found Lammelaoju's Food Emporium.
  6759 | D:7      | Learned a level 2 spell: Sublimation of Blood
  7058 | D:8      | Noticed a manticore
  7059 | D:8      | Noticed a two-headed ogre
  7065 | D:8      | Killed a manticore
  7068 | D:8      | Killed a two-headed ogre
  7211 | D:8      | Found a burning altar of Makhleb.
  7398 | D:8      | Found a staircase to the Lair.
  7413 | D:8      | Gained mutation: You are surrounded by a moderate repulsion field. (EV +3) [demonic ancestry]
  7413 | D:8      | Reached XP level 10. HP: 66/82 MP: 17/21
  7437 | D:8      | Reached skill level 5 in Armour
  7535 | D:8      | Reached ** piety under Kikubaaqudgha
  8478 | D:9      | Noticed a two-headed ogre
  8483 | D:9      | Killed a two-headed ogre
  8596 | D:9      | Found a flagged portal.
  8625 | Bailey   | Entered a bailey
  8633 | Bailey   | Noticed a deep elf mage
  8638 | Bailey   | Killed a deep elf mage
  8647 | Bailey   | Noticed a deep elf mage
  8649 | Bailey   | Noticed a deep elf mage
  8650 | Bailey   | Noticed a deep elf mage
  8656 | Bailey   | Killed a deep elf mage
  8658 | Bailey   | Killed a deep elf mage
  8661 | Bailey   | Killed a deep elf mage
  8664 | Bailey   | Noticed a deep elf mage
  8664 | Bailey   | Noticed a deep elf mage
  8664 | Bailey   | Noticed a deep elf mage
  8670 | Bailey   | Killed a deep elf mage
  8673 | Bailey   | Killed a deep elf mage
  8693 | Bailey   | Killed a deep elf mage
  8693 | Bailey   | Reached skill level 10 in Fighting
  8813 | Bailey   | Noticed a deep elf knight
  8819 | Bailey   | Killed a deep elf knight
  8871 | Bailey   | Noticed a deep elf mage
  8871 | Bailey   | Noticed a deep elf mage
  8871 | Bailey   | Noticed a deep elf mage
  8871 | Bailey   | Noticed a deep elf mage
  8872 | Bailey   | Noticed a soul eater
  8887 | Bailey   | HP: 4/85 [deep elf mage/shard of ice (27)]
  8982 | D:9      | Gained mutation: You are surrounded by a strong repulsion field. (EV +4, RMsl) [demonic ancestry]
  8982 | D:9      | Reached XP level 11. HP: 47/90 MP: 23/23
  9456 | D:9      | Lost mutation: You possess an exceptional clarity of mind. [potion of mutation]
  9456 | D:9      | Lost mutation: You are agile. (Dex +2) [potion of mutation]
  9456 | D:9      | Lost mutation: You are weak. (Str -2) [potion of mutation]
  9456 | D:9      | Gained mutation: You are dopey. (Int -2) [potion of mutation]
  9456 | D:9      | Gained mutation: You are agile. (Dex +2) [potion of mutation]
  9456 | D:9      | Gained mutation: Scrolls take you a little longer to read. [potion of mutation]
  9456 | D:9      | Gained mutation: Your system is resistant to poisons. (rPois) [potion of mutation]
  9457 | D:9      | Lost mutation: You are agile. (Dex +2) [potion of mutation]
  9457 | D:9      | Lost mutation: Your system is resistant to poisons. (rPois) [potion of mutation]
  9457 | D:9      | Lost mutation: You have a pair of small horns on your head. [potion of mutation]
  9457 | D:9      | Gained mutation: Your system is resistant to poisons. (rPois) [potion of mutation]
  9457 | D:9      | Lost mutation: You are dopey. (Int -2) [potion of mutation]
  9557 | D:10     | Entered Level 10 of the Dungeon
  9569 | D:10     | Found a staircase to the Orcish Mines.
  9851 | D:10     | Noticed a four-headed hydra
  9860 | D:10     | Killed a four-headed hydra
 10542 | D:10     | Killed an unseen horror
 10745 | D:10     | Got an ancient dagger
 10746 | D:10     | Identified the +8 dagger "Ubbith" {speed, Dex+4} (You found it on level 10 of the Dungeon)
 11021 | D:11     | Noticed a skeletal warrior
 11021 | D:11     | Noticed a skeletal warrior
 11021 | D:11     | Noticed a skeletal warrior
 11021 | D:11     | Noticed a skeletal warrior
 11026 | D:11     | Killed a skeletal warrior
 11036 | D:11     | Killed a skeletal warrior
 11040 | D:11     | Killed a skeletal warrior
 11043 | D:11     | Killed a skeletal warrior
 11282 | D:11     | Reached *** piety under Kikubaaqudgha
 11282 | D:11     | Identified Kikubaaqudgha's Guide on Evil (Kikubaaqudgha gifted it to you on level 11 of the Dungeon)
 11282 | D:11     | Received a gift from Kikubaaqudgha
 11290 | D:11     | Learned a level 5 spell: Agony
 11552 | D:12     | Reached skill level 1 in Polearms
 11597 | D:12     | Noticed a two-headed ogre
 11604 | D:12     | Killed a two-headed ogre
 12069 | D:12     | Noticed a death knight
 12079 | D:12     | Reached skill level 10 in Necromancy
 12099 | D:12     | Killed a death knight
 12551 | Lair:1   | Entered Level 1 of the Lair of Beasts
 12585 | Lair:1   | Learned a level 5 spell: Bolt of Draining
 12836 | Lair:1   | Reached skill level 1 in Conjurations
 13020 | Lair:1   | Noticed a five-headed hydra
 13089 | Lair:1   | Reached XP level 12. HP: 62/99 MP: 5/25
 13664 | Lair:2   | Got a distressingly furry chain mail
 13667 | Lair:2   | Identified the cursed +0 chain mail of Impatience {rElec rC+ Str+4 Dex-2} (You found it on level 2 of the Lair of Beasts)
 13938 | Lair:2   | Reached **** piety under Kikubaaqudgha
 14869 | Lair:2   | HP: 3/99 [swamp worm (15)]
 14933 | Lair:2   | Mangled by a swamp worm

Skill      XL: |  1  2  3  4  5  6  7  8  9 10 11 12 |
---------------+-------------------------------------+-----
Dodging        | 2 |  2.0
Fighting       | 1 2 4 5 7 8 10 | 10.8
Spellcasting   | 3 4 5 6 7 8 9 |  9.4
Necromancy     | 5 6 7 8 9 10 | 10.9
Armour         | 2 4 7 8 |  8.1
Polearms       | 3 4 |  4.9
Conjurations   | 1 3 |  3.7
Stealth        | |  1.7

Action                   |  1- 3 |  4- 6 |  7- 9 | 10-12 || total
-------------------------+-------+-------+-------+-------++-------
Melee: Dagger            |    62 |       |       |       ||    62
       Spear             |     5 |    29 |       |       ||    34
       Kick              |       |     1 |    62 |   130 ||   193
       Whip              |       |       |   355 |       ||   355
       Headbutt          |       |       |    60 |    17 ||    77
       Halberd           |       |       |     3 |   595 ||   598
 Cast: Pain              |    54 |    33 |    18 |     9 ||   114
       Animate Skeleton  |    14 |       |       |     1 ||    15
       Vampiric Draining |     1 |     6 |    20 |    18 ||    45
       Control Undead    |       |       |    10 |     8 ||    18
       Regeneration      |       |       |     5 |    14 ||    19
       Animate Dead      |       |       |    13 |    31 ||    44
       Sublimation of Bl |       |       |       |     7 ||     7
       Agony             |       |       |       |     6 ||     6
       Bolt of Draining  |       |       |       |    10 ||    10
Invok: Receive Corpses   |       |       |       |     2 ||     2
Evoke: Wand              |       |     2 |     9 |     8 ||    19
  Use: Scroll            |     4 |     2 |     4 |    14 ||    24
       Potion            |     5 |     2 |     8 |    15 ||    30
 Stab: Sleeping          |     2 |     1 |     4 |       ||     7
       Distracted        |     2 |       |       |     3 ||     5
       Betrayed ally     |       |       |     1 |     3 ||     4
  Eat: Chunk             |     4 |     1 |    11 |     9 ||    25
       Bread ration      |       |     1 |       |     1 ||     2
       Fruit             |       |       |     2 |     4 ||     6
       Royal jelly       |       |       |     2 |       ||     2
       Meat ration       |       |       |       |     4 ||     4
Armor: Robe              |    17 |     6 |    30 |       ||    53
       Skin              |       |       |    18 |    28 ||    46
       Leather armour    |       |       |    15 |     3 ||    18
       Ring mail         |       |       |       |   267 ||   267
Dodge: Dodged            |   117 |    35 |   296 |   735 ||  1183
       Deflected         |       |       |       |     8 ||     8
